 Dungeon Crawl Stone Soup version 0.19-a0-1852-gc11d922 (webtiles) character file.

684 GordonOverkill the Shield-Bearer (level 7, -2/52 HPs)
             Began as a Formicid Fighter on Oct 11, 2016.
             Slain by an ice beast (10 damage)
             ... on level 5 of the Dungeon.
             The game lasted 00:07:11 (4185 turns).

GordonOverkill the Shield-Bearer (Formicid Fighter) Turns: 4185, Time: 00:07:11

Health: -2/52      AC:  9    Str: 31    XL:     7   Next: 93%
Magic:  7/7        EV:  8    Int:  4    God:
Gold:   190        SH: 13    Dex: 10    Spells: 0 memorised, 6 levels left

rFire  . . .     SeeInvis +     a - +0 war axe
rCold  . . .     Gourm    .     v - +0 chain mail of Complete Protection {+Blink rCorr Int-4 SInv} (curse)
rNeg   . . .     Faith    .     c - +1 shield
rPois  .         Spirit   .     (helmet unavailable)
rElec  .         Dismiss  .     (no cloak)
rCorr  +         Reflect  .     (no gloves)
MR     .....     Harm     .     (no boots)
Stlth  ..........               (no amulet)
                                (no ring)
                                b - +4 ring of strength

@: mighty
A: permanent stasis, dig shafts and tunnels, four strong arms, antennae 3
a: Dig, Shaft Self


You were on level 5 of the Dungeon.
You were not hungry.

You visited 1 branch of the dungeon, and saw 5 of its levels.

You collected 190 gold pieces.

Inventory:

Hand Weapons
 a - a +0 war axe (weapon)
Armour
 c - a +1 shield (worn)
 v - the cursed +0 chain mail of Complete Protection (worn) {+Blink rCorr Int-4 SInv}
   (You found it on level 4 of the Dungeon)

   It affects your intelligence (-4).
   It lets you see invisible.
   It lets you blink.
   It protects you from acid and corrosion.
   It has a curse placed upon it.
Jewellery
 b - a +4 ring of strength (left hand)
 r - an uncursed ring of ice
Scrolls
 k - a scroll of remove curse
Potions
 j - a potion of agility
 n - a potion of flight
 p - a potion of resistance {unknown}
 q - a potion of curing {unknown}
 t - 2 potions of haste
Comestibles
 f - 2 bread rations
 g - a meat ration
 i - 6 chunks of flesh


   Skills:
 - Level 3.2 Fighting
 + Level 6.0 Axes
 - Level 3.2 Armour
 + Level 7.7 Shields


You had 6 spell levels left.
You didn't know any spells.

Dungeon Overview and Level Annotations

Branches:
Dungeon (5/15)
 Temple: D:4-7

Altars:
Dithmenos
Yredelemnul


Innate Abilities, Weirdness & Mutations

You are under a permanent stasis effect.
You can dig through walls and to a lower floor.
Your four strong arms can wield two-handed weapons with a shield.
You have a pair of large antennae on your head. (SInv)


Message History

Your chain mail of Complete Protection prevents you from hitting the ice beast.
The ice beast is lightly wounded.
The ice beast hits you. The ice beast freezes you.
You hit the ice beast.
The ice beast is moderately wounded.
The ice beast hits you. The ice beast freezes you! The ice beast hits you.
The ice beast freezes you!
You barely miss the ice beast.
The ice beast is moderately wounded.
The ice beast hits you. The ice beast freezes you!
* * * LOW HITPOINT WARNING * * *
You are too injured to fight recklessly!
You are too injured to fight recklessly!
You are too injured to fight recklessly!
There is an open door here.
You feel very mighty all of a sudden. The ice beast hits you.
* * * LOW HITPOINT WARNING * * *
The ice beast freezes you!
You die...

## ..# #.# ##+# #.# ##...#
# #.# ##.....## #####.#
..# #...)...## ##.....#
..####.........####...##.#
..<..+......†..Y@........#
..####.........####......#
...# #.......## ##..####
#.## ##.....## ##.#### ###
##...# #....# .#
##+####### #.#### { .#
#........# #.# .######
#..#####.# #.# ......#
#..## #.# #.#


You could see an ice beast.

Vanquished Creatures
  Grinder (D:3)
  A yak (D:4)
  A scorpion (D:4)
  An orc priest (D:4)
  Ijyb (D:3)
  An iguana (D:4)
  A worker ant (D:4)
  2 orc wizards (D:4)
  2 adders
  3 oozes
  3 worms (D:3)
  3 dart slugs
  3 leopard geckos
  7 orcs
  A ball python (D:1)
  9 giant cockroaches
  7 goblins
  8 hobgoblins
  4 jackals (D:3)
  A quokka (D:2)
  13 bats
  5 frilled lizards
  9 kobolds
  6 rats
93 creatures vanquished.

Notes
Turn   | Place    | Note
-------+----------+-------------------------------------------
     0 | D:1      | GordonOverkill the Formicid Fighter began the quest for the Orb.
     0 | D:1      | Reached XP level 1. HP: 18/18 MP: 1/1
    72 | D:1      | Reached skill level 4 in Shields
    72 | D:1      | Reached XP level 2. HP: 18/24 MP: 2/2
   399 | D:1      | Reached XP level 3. HP: 28/29 MP: 3/3
  1000 | D:2      | Found a faded altar of an unknown god.
  1001 | D:2      | Reached XP level 4. HP: 26/35 MP: 4/4
  1484 | D:3      | Noticed Ijyb
  1493 | D:3      | Killed Ijyb
  1493 | D:3      | Reached skill level 5 in Shields
  1822 | D:3      | Reached XP level 5. HP: 41/41 MP: 5/5
  2307 | D:3      | Noticed Grinder
  2324 | D:3      | Killed Grinder
  2324 | D:3      | Reached skill level 6 in Shields
  2324 | D:3      | Reached XP level 6. HP: 28/47 MP: 6/6
  2666 | D:3      | Reached skill level 5 in Axes
  2827 | D:3      | Found a basalt altar of Yredelemnul.
  3199 | D:4      | Got a jewelled chain mail
  3219 | D:4      | Identified the cursed +0 chain mail of Complete Protection {+Blink rCorr Int-4 SInv} (You found it on level 4 of the Dungeon)
  3291 | D:4      | Reached XP level 7. HP: 28/52 MP: 7/7
  3491 | D:4      | Reached skill level 7 in Shields
  3913 | D:4      | Found a shadowy altar of Dithmenos.
  4004 | D:4      | Noticed a yak
  4018 | D:4      | Killed a yak
  4112 | D:5      | Entered Level 5 of the Dungeon
  4185 | D:5      | Slain by an ice beast

Vault maps used:
D:1:      dpeg_arrival_pits
D:2:      ecumenical_altar_1
D:3:      overflow_temple_1_default, first_bread, uniq_iyjb, uniq_grinder
D:4:      lemuel_coloured_pillars_altar, corexii_item_surrounded_by_moat,
          minmay_misc_feat_chi
D:5:      lemuel_zombie_altar_kikubaaqudgha, uniq_edmund

Skill      XL: |  1  2  3  4  5  6  7 |
---------------+----------------------+-----
Shields        | 4 5 6 7 |  7.7
Axes           | 3 4 5 6 |  6.0
Fighting       | |  3.2
Armour         | |  3.2

Action                   |  1- 3 |  4- 6 |  7- 9 || total
-------------------------+-------+-------+-------++-------
Melee: War axe           |   106 |   182 |    49 ||   337
  Use: Potion            |       |     1 |     2 ||     3
       Scroll            |       |     9 |     3 ||    12
  Eat: Chunk             |       |     8 |     3 ||    11
Armor: Scale mail        |    54 |    26 |       ||    80
       Plate armour      |       |    65 |       ||    65
       Chain mail        |       |     2 |    16 ||    18
Dodge: Dodged            |    42 |    47 |    12 ||   101
Block: Shield            |    51 |   110 |    31 ||   192
